 Dungeon Crawl Stone Soup version 0.30-a0-953-g5f1da4a474 (webtiles) character file.

Game seed: 8201309220666477456

191 qeuew the Trooper (level 5, -9/37 HPs)
             Began as a Demonspawn Chaos Knight on Mar 28, 2023.
             Was a Plaything of Xom.
             Mangled by a mummy (11 damage)
             ... in an ossuary.
             The game lasted 00:03:03 (2455 turns).

qeuew the Trooper (Demonspawn Chaos Knight)         Turns: 2455, Time: 00:03:03

Health: -9/37      AC:  5    Str: 12    XL:     5   Next: 41%
Magic:  5/5        EV: 12    Int: 13    God:    Xom [*.....]
Gold:   146        SH:  6    Dex: 15    Spells: 4/4 levels left

rFire   + . .      SeeInvis .    a - +0 hand axe (chaos)
rCold   . . .      Faith    .    (no shield)
rNeg    . . .      Spirit   .    b - +2 leather armour
rPois   .          Reflect  .    (no helmet)
rElec   .          Rampage  .    (no cloak)
rCorr   .                        (no gloves)
Will    +....                    (no boots)
Stlth   +                        (no amulet)
HPRegen 0.26/turn                (no ring)
MPRegen 0.09/turn                (no ring)

@: no status effects
A: large bone plates 2, fire resistance 1, frail 1, strong-willed 1, screaming 1
a: Renounce Religion


You were in an ossuary.
You worshipped Xom.
You were a special plaything of Xom.
You visited 1 branch of the dungeon, and saw 4 of its levels.
You also visited: Ossuary.

You collected 146 gold pieces.

Inventory:

Hand Weapons
 a - a +0 hand axe of chaos (weapon)
Armour
 b - a +2 leather armour (worn)
Scrolls
 e - a scroll of enchant armour
 h - 2 scrolls of blinking
Potions
 d - a potion of curing
 g - 2 potions of might
 j - a potion of heal wounds
Miscellaneous
 c - a piece from Xom's chessboard (15/15) (quivered)


   Skills:
 + Level 3.8 Fighting
 + Level 3.5 Axes
 + Level 2.7 Armour
 + Level 2.2 Dodging
 + Level 2.1 Evocations


You had 4 spell levels left.
You didn't know any spells.
Your spell library contained the following spells:

 Spells                   Type           Power      Damage    Failure   Level
 Slow                     Hex            0%         N/A       36%         1
 Sublimation of Blood     Necr           0%         N/A       52%         2
 Confusing Touch          Hex            0%         N/A       75%         3
 Hailstorm                Conj/Ice       0%         3d3       75%         3
 Vampiric Draining        Necr           0%         2d6       75%         3
 Ice Form                 Ice/Tmut       0%         N/A       98%         4
 Petrify                  Tmut/Erth      0%         N/A       98%         4
 Irradiate                Conj/Tmut      0%         3d11      100%        5
 Simulacrum               Ice/Necr       0%         N/A       100%        6


Dungeon Overview and Level Annotations

Branches:
Dungeon (4/15)            Ossuary (1/1)
 Temple: D:4-7

Altars:
Ru


Innate Abilities, Weirdness & Mutations

You are mostly covered in large bone plates. (SH +6)
Your flesh is heat resistant. (rF+)
You are frail. (-10% HP)
You are strong-willed. (Will+)
You occasionally shout uncontrollably at your foes.


Message History

The mummy is almost destroyed.
You hit the mummy but do no damage. You hit the mummy.
The mummy barely misses you. You block the mummy's attack.
You hit the mummy but do no damage.
The mummy is almost destroyed.
You hit the mummy.
The mummy seems to speed up.
Xom is highly amused!
You hit the mummy but do no damage.
The mummy suddenly seems more resistant.
You hit the mummy but do no damage. You block the mummy's attack.
The mummy closely misses you. You block the mummy's attack.
You hit the mummy.
You destroy the mummy!
You hit the mummy.
The mummy is moving more slowly.
You hit the mummy but do no damage. x2; The mummy seems to grow stronger.
Xom thinks this is hilarious!
The mummy barely misses you. The mummy hits you.
You hit the mummy.
The mummy is moderately damaged.
You catch the helpless mummy completely off-guard!
You hit the mummy.
The mummy convulses.
You hit the mummy. You barely miss the mummy. The mummy hits you!
The mummy barely misses you.
You are too injured to fight recklessly!
You are too injured to fight recklessly!
Unknown command.
You are too injured to fight recklessly!
Unknown command.
You are too injured to fight recklessly!
You hit the mummy. Your punch misses the mummy.
The mummy is heavily damaged.
You hit the mummy.
The mummy convulses.
You hit the mummy but do no damage. You barely miss the mummy.
Xom opens a gate.
The mummy hits you!
* * * LOW HITPOINT WARNING * * *
Your mummy barely misses the mummy.
The mummy barely misses you. The mummy hits you.
* * * LOW HITPOINT WARNING * * *
The mummy hits you!
You die...

######
#.........#
#.........#
#...???...#
#..!?$!!..#
#..!$∩$?..#
#5.!?$?!..#
#..MMM!...#
#.M@M.....#
#.........#
#+#########


You could see 4 mummies, a friendly mummy and a friendly iron imp (summoned).

Vanquished Creatures
  Jessica (D:3)
  An ogre zombie (Ossuary)
  3 mummies
  Robin (D:2)
  2 adders (D:3)
  A worm (D:2)
  A dart slug (D:3)
  9 orcs
  3 ball pythons
  3 endoplasms
  A giant cockroach (D:3)
  10 goblins
  8 hobgoblins
  3 jackals (D:3)
  4 kobolds
  3 bats
  A frilled lizard (D:3)
  A goblin zombie (Ossuary)
  2 kobold zombies
  4 rats (D:2)
  A spectral kobold (D:3)
63 creatures vanquished.

Vanquished Creatures (others)
  A goblin zombie (D:2)
  3 plants (D:1)
4 creatures vanquished.

Grand Total: 67 creatures vanquished

Notes
Turn   | Place    | Note
-------+----------+-------------------------------------------
     0 | D:1      | qeuew the Demonspawn Chaos Knight began the quest for the
                  | Orb.
     0 | D:1      | Reached XP level 1. HP: 18/18 MP: 1/1
   124 | D:1      | XOM: silly message
   132 | D:1      | Reached skill level 1 in Dodging
   275 | D:1      | Gained mutation: You are partially covered in large bone
                  | plates. (SH +4) [demonic ancestry]
   275 | D:1      | Reached XP level 2. HP: 24/24 MP: 2/2
   653 | D:1      | XOM: divination: magic mapping
   722 | D:1      | Gained mutation: Your muscles are strong. (Str +4, Int/Dex
                  | -1) [potion of mutation]
   722 | D:1      | Gained mutation: Your flesh is heat resistant. (rF+)
                  | [potion of mutation]
   788 | D:2      | XOM: stealth player
   808 | D:2      | You fall into a shaft and drop 1 floor!
   832 | D:3      | Found a faded altar of an unknown god.
   871 | D:3      | Reached skill level 1 in Evocations
   871 | D:3      | Gained mutation: You are mostly covered in large bone
                  | plates. (SH +6) [demonic ancestry]
   871 | D:3      | Reached XP level 3. HP: 27/29 MP: 3/3
   893 | D:3      | Found a sacrificial altar of Ru.
  1065 | D:2      | Noticed Robin
  1080 | D:2      | Killed Robin
  1081 | D:2      | XOM: noise
  1089 | D:2      | Reached XP level 4. HP: 5/35 MP: 4/4
  1102 | D:2      | XOM: noise
  1368 | D:2      | XOM: 1-stop teleportation journey
  1571 | D:2      | XOM: god gift: 17 gold pieces
  1760 | D:3      | XOM: 4-stop teleportation journey
  1886 | D:3      | Noticed Jessica
  1896 | D:3      | Killed Jessica
  2217 | D:3      | XOM: give mutations
  2217 | D:3      | Lost mutation: Your muscles are strong. (Str +4, Int/Dex
                  | -1) [Xom's mischief]
  2217 | D:3      | Gained mutation: You are frail. (-10% HP) [Xom's mischief]
  2217 | D:3      | Gained mutation: You occasionally shout uncontrollably at
                  | your foes. [Xom's mischief]
  2217 | D:3      | Gained mutation: You are strong-willed. (Will+) [Xom's
                  | mischief]
  2273 | D:3      | XOM: summons 1 hostile shadow creature
  2349 | D:4      | Found a sand-covered staircase.
  2362 | D:4      | Reached XP level 5. HP: 32/36 MP: 5/5
  2364 | Ossuary  | Entered an ossuary
  2448 | Ossuary  | XOM: 1-stop teleportation journey
  2455 | Ossuary  | XOM: summons friendly iron imp
  2455 | Ossuary  | Mangled by a mummy

Illustrated notes

Levels and vault maps discovered:
D:1:      amcnicky_arrival_wind_blow, layout_loops_ring, serial_forest,
          infiniplex_forest_lined_room_3, infiniplex_forest_clump_double,
          infiniplex_forest_end_2, infiniplex_forest_clump_large,
          infiniplex_forest_straight_1, infiniplex_forest_clump_long,
          infiniplex_forest_clump_double, infiniplex_forest_lined_2,
          infiniplex_forest_lined_3_way, kennysheep_minor_cross,
          minmay_crystal_room
D:2:      layout_basic, uniq_robin
D:3:      layout_basic, mainiacjoe_overflow_paths,
          dreamdust_ecumenical_altar_drowned_temple, uniq_jessica
D:4:      layout_loops_ring, minmay_temple_entry_antechambers,
          nicolae_ossuary_entry_giza, st_stairs_14, kennysheep_flooded_box,
          minmay_misc_feat_five
Ossuary:  ossuary_boxes_badplayer

Skill      XL: |  1  2  3  4  5 |
---------------+----------------+-----
Dodging        | 1 2 |  2.2
Armour         | 2 |  2.7
Axes           | 3 |  3.5
Evocations     | 1 2 |  2.1
Fighting       | |  3.8

Action                     |  1- 3 |  4- 6 || total
---------------------------+-------+-------++-------
  Melee: Hand axe          |   103 |   101 ||   204
         Punch             |       |     1 ||     1
    Use: Potion            |     3 |     2 ||     5
         Scroll            |     1 |     5 ||     6
   Stab: Petrifying        |       |     1 ||     1
         Paralysed         |       |     1 ||     1
 Armour: Leather armour    |    46 |    15 ||    61
  Dodge: Dodged            |    70 |    46 ||   116
  Block: Other             |    19 |    20 ||    39

Table legend: (Time is in decaauts)
 A = Elapsed time spent in this place.
 B = Non-inter-level travel time spent in this place.
 C = Inter-level travel time spent in this place.
 D = Time resting spent in this place.
 E = Time spent auto-exploring this place.
 F = Levels seen in this place.
 G = Mean time per level.
                   A        B        C        D        E       F      G
               +--------+--------+--------+--------+--------+-----+--------+
         Total |   2485 |   2434 |     51 |      0 |   1968 |   5 |  497.0 |
       Dungeon |   2391 |   2340 |     51 |      0 |   1914 |   4 |  597.8 |
       Ossuary |     93 |     93 |      0 |      0 |     54 |   1 |   93.0 |
               +--------+--------+--------+--------+--------+-----+--------+

Top non-repeatable levels by time:
     D:3: 818 daAuts
     D:1: 794 daAuts
     D:2: 740 daAuts
 Ossuary: 93 daAuts
     D:4: 37 daAuts
